 Dungeon Crawl Stone Soup version 0.16.0-18-g484a79e (webtiles) character file.

210 McCoppin the Cudgeler (level 5, 0/27 HPs)
             Began as a Vine Stalker Chaos Knight on Mar 23, 2015.
             Slain by Grinder (1 damage)
             ... on level 3 of the Dungeon.
             The game lasted 00:06:31 (1638 turns).

McCoppin the Cudgeler (Vine Stalker Chaos Knight)   Turns: 1638, Time: 00:06:32

Health: 0/27       AC: 10    Str: 20    XL:     5   Next: 88%
Magic:  0/7        EV: 10    Int: 12    God:    Xom [...*..]
Gold:   151        SH:  0    Dex: 19    Spells: 0 memorised, 4 levels left

rFire  . . .     SeeInvis .     p - +2 whip (drain)
rCold  . . .     Clarity  .     k - +0 plate armour
rNeg   . . .     SustAb   .     (no shield)
rPois  .         Gourm    .     (no helmet)
rElec  .         Spirit   +     (no cloak)
rCorr  .         Warding  .     (no gloves)
rMut   .         Stasis   .     (no boots)
MR     .....                    (no amulet)
Stlth  ..........               (no ring)
                                j - ring of loudness (curse)

@: mighty, agile, drained, not resistant to hostile enchantments, extremely
unstealthy
A: fangs 2, regeneration 1, magic shield, antimagic bite, no device heal 3, rot
immunity
a: Renounce Religion


You were on level 3 of the Dungeon.
You worshipped Xom.
You were a favourite toy of Xom.
You were hungry.

You visited 1 branch of the dungeon, and saw 3 of its levels.

You collected 151 gold pieces.

Inventory:

Hand weapons
 a - a +0 mace of chaos
 p - a +2 whip of draining (weapon)
Missiles
 d - 39 poisoned needles
 e - 84 stones (quivered)
Armour
 b - a +2 leather armour
 k - a +0 plate armour (worn)
Jewellery
 j - a cursed ring of loudness (left hand)
Scrolls
 g - 4 scrolls of teleportation
 i - a scroll of random uselessness
 l - a scroll of noise {unknown}
 m - 2 scrolls of amnesia
Potions
 o - a potion of curing
Comestibles
 c - 3 bread rations
 n - a beef jerky


   Skills:
 - Level 2.6(1.9) Fighting
 + Level 5.7(4.8) Maces & Flails
 - Level 1.5(0.8) Armour
 - Level 0.7(0.0) Dodging
 - Level 1.0(0.2) Stealth


You had 4 spell levels left.
You didn't know any spells.

Dungeon Overview and Level Annotations

Branches:
Dungeon (3/15)

Altars:
Dithmenos

Annotations:
D:3 Grinder, Robin


Innate Abilities, Weirdness & Mutations

You have extremely sharp teeth.
Your natural rate of healing is unusually fast.
When hurt, damage is shared between your health and your magic reserves.
Your bite disrupts and absorbs the magic of your enemies.
Potions and wands cannot restore your health.
You are immune to rotting.


Message History

Drink which item? (? for menu, Esc to quit)
You feel very mighty all of a sudden.
The hobgoblin shouts!
The goblin seems less confused.
The goblin closely misses you.
Grinder falters for a moment.
Robin completely misses you.
You barely miss Grinder.
Grinder is heavily wounded.
The goblin closely misses you. Grinder barely misses you.
You closely miss Grinder. Your bite misses Grinder.
Grinder is heavily wounded.
The goblin closely misses you. Grinder barely misses you.
A goblin comes into view.
You closely miss Grinder.
Grinder is heavily wounded.
The goblin shouts!
The goblin hits you but does no damage. Grinder hits you.
* * * LOW HITPOINT WARNING * * *
You writhe in agony.
You die...
Xom giggles madly!

*,,,,*,,,,*****#........#
*,,,,,,**** ###....###
*,,,,*** ####..## *g,,g**
#.... *,,,,,* #.###
*,,g,,* #########.###
**,**,* ##............
*##.##g######.....>.#..###
*..g.ggg5@g§..............
*.....#g#####.......##.###
**#,**#,,,,,##.....###.#
*** *****,,####### #.#
**.*,,,,,* #.#
#.#,,,,,**###*#
#.#,,_,,+,,,,>#
#.#,,,,,*######
#.#,,,,,##.....


You could see Grinder, Robin, 2 hobgoblins and 4 goblins.

Vanquished Creatures
  The ghost of McCoppin the Skirmisher, an average OpFi of Okawaru (D:3)
  Jessica (D:3)
  A gnoll (D:1)
  An adder (D:3)
  4 worms
  4 giant geckos
  An ooze (D:2)
  2 orcs (D:3)
  12 bats
  A giant cockroach (D:2)
  9 hobgoblins
  A quokka (D:2)
  A ball python (D:3)
  A giant newt (D:2)
  8 goblins
  6 kobolds
  9 rats
63 creatures vanquished.

Notes
Turn   | Place    | Note
--------------------------------------------------------------
     0 | D:1      | McCoppin, the Vine Stalker Chaos Knight, began the quest for the Orb.
     0 | D:1      | Reached XP level 1. HP: 11/11 MP: 1/1
    83 | D:1      | Reached skill level 3 in Maces & Flails
    83 | D:1      | Reached XP level 2. HP: 16/16 MP: 3/3
   304 | D:1      | Reached XP level 3. HP: 17/19 MP: 4/4
   380 | D:1      | XOM: divination: detect items
   412 | D:1      | XOM: divination: magic mapping
   898 | D:2      | Reached skill level 4 in Maces & Flails
   969 | D:2      | Reached XP level 4. HP: 23/23 MP: 5/5
  1057 | D:2      | Reached skill level 1 in Stealth
  1172 | D:3      | Found a shadowy altar of Dithmenos.
  1219 | D:3      | Noticed Jessica
  1227 | D:3      | Killed Jessica
  1417 | D:3      | XOM: divination: detect creatures
  1495 | D:3      | Reached skill level 5 in Maces & Flails
  1495 | D:3      | Reached XP level 5. HP: 27/27 MP: 7/7
  1528 | D:3      | Noticed McCoppin's ghost (average OpFi)
  1529 | D:3      | XOM: potion effect (haste)
  1561 | D:3      | Killed McCoppin's ghost
  1613 | D:3      | XOM: silly message
  1617 | D:3      | Noticed Grinder
  1618 | D:3      | Noticed Robin
  1621 | D:3      | XOM: confuse monster(s)
  1627 | D:3      | XOM: smoke on damage
  1638 | D:3      | HP: 1/27 [Grinder (3)]
  1638 | D:3      | Slain by Grinder

Action                   |  1- 3 |  4- 6 || total
-------------------------+-------+-------++-------
Melee: Mace              |    93 |    70 ||   163
       Whip              |       |    44 ||    44
  Use: Scroll            |       |     8 ||     8
       Potion            |       |     3 ||     3
 Stab: Confused          |     1 |     2 ||     3
  Eat: Chunk             |       |     2 ||     2
